 Dungeon Crawl Stone Soup version 0.28.0-53-g5a82cb258f (webtiles) character file.

Game seed: 11592174845915518010

203 Zeld the Skirmisher (level 5, 0/48 HPs)
             Began as a Minotaur Berserker on May 22, 2022.
             Was a Priest of Trog.
             Slain by a gnoll
             ... wielding a +0 flail
              (3 damage)
             ... on level 4 of the Dungeon.
             The game lasted 00:02:54 (3291 turns).

Zeld the Skirmisher (Minotaur Berserker)            Turns: 3291, Time: 00:02:55

Health: 0/48       AC:  9    Str: 23    XL:     5   Next: 51%
Magic:  4/4        EV: 11    Int:  4    God:    Trog [***...]
Gold:   47         SH:  0    Dex: 10    Spells: 4/4 levels left

rFire   + . .      SeeInvis .   a - +0 hand axe
rCold   + . .      Faith    .   (no shield)
rNeg    . . .      Spirit   .   i - +3 ring mail of Fagub {rPois}
rPois   +          Reflect  .   (helmet restricted)
rElec   .          Harm     .   (no cloak)
rCorr   .          Rampage  .   (no gloves)
Will    .....                   o - +0 pair of boots
Stlth   ..........              (no amulet)
HPRegen 0.16/turn               m - ring of protection from fire
MPRegen 0.09/turn               h - ring of protection from cold

@: on berserk cooldown, slowed, very slow
A: horns 2, retaliatory headbutt
a: Renounce Religion, Berserk, Trog's Hand


You were on level 4 of the Dungeon.
You worshipped Trog.
Trog was most pleased with you.
You visited 1 branch of the dungeon, and saw 4 of its levels.

You collected 162 gold pieces.
You spent 115 gold pieces at shops.

Inventory:

Hand Weapons
 a - a +0 hand axe (weapon)
Armour
 i - the +3 ring mail of Fagub (worn) {rPois}
   (You found it on level 2 of the Dungeon)

   rPois:     It protects you from poison.
 o - a +0 pair of boots (worn)
Jewellery
 h - a ring of protection from cold (right hand)
 m - a ring of protection from fire (left hand)
Scrolls
 d - a scroll of fear
 f - a scroll of teleportation
 k - a scroll of enchant armour
 l - a scroll of magic mapping {unknown}
 n - a scroll of holy word
Potions
 b - a potion of flight {unknown}
 e - a potion of ambrosia {unknown}
 g - a potion of berserk rage {unknown}
 j - 2 potions of heal wounds {unknown}


   Skills:
 * Level 5.3 Fighting
 * Level 5.2 Axes
 + Level 3.5 Armour
 + Level 3.2 Dodging


You had 4 spell levels left.
You didn't know any spells.
Your spell library was empty.

Dungeon Overview and Level Annotations

Branches:
Dungeon (4/15)
 Temple: D:4-7

Altars:

Shops:
D:3 ?(=


Innate Abilities, Weirdness & Mutations

You have a pair of horns on your head.
You reflexively headbutt those who attack you in melee.


Message History

The iguana is almost dead.
You barely miss the gnoll. The iguana closely misses you.
You furiously retaliate!
You headbutt the iguana.
You kill the iguana!
Trog accepts your kill.
The gnoll hits you from afar with a +0 spear.
The gnoll hits you but does no damage.
You completely miss the gnoll. Your headbutt misses the gnoll.
The gnoll is severely wounded.
The gnoll hits you but does no damage.
You closely miss the gnoll.
The gnoll is severely wounded.
You are no longer berserk.
You are exhausted.
You feel yourself slow down. The gnoll hits you with a +0 spear.
You see here a +0 spear.
You hit the gnoll.
The gnoll is severely wounded.
You barely miss the gnoll. x2; The gnoll barely misses you.
The gnoll hits you but does no damage. The gnoll hits you with a +0 club.
Unknown command.
You barely miss the gnoll. You hit the gnoll. You closely miss the gnoll.
The gnoll hits you with a +0 spear.
* * * LOW HITPOINT WARNING * * *
The gnoll hits you but does no damage. The gnoll hits you with a +0 club.
* * * LOW HITPOINT WARNING * * *
The gnoll barely misses you. The gnoll hits you with a +0 flail.
* * * LOW HITPOINT WARNING * * *
The gnoll hits you but does no damage.
You hit the gnoll. Your headbutt misses the gnoll.
The gnoll is lightly wounded.
You hit the gnoll but do no damage. You slash the gnoll!
You kill the gnoll!
Trog accepts your kill. The gnoll completely misses you.
You furiously retaliate!
You headbutt the gnoll!
You kill the gnoll!
Trog accepts your kill. The gnoll hits you with a +0 flail.
You die...

.## ##...###.#######.####
..####........# #..#.#
#..##...##....# ##.<##
###....#####..## ####
#...## #...#### ##...#
##..gg.### ##...###
#####.).#
#..##..#########..#
##g####.......)@g..#
##..# #.........).##
...## ##...)####### g.##
#...## ### ##...##
#.....#########
#######........##...##
#.........####.......##
##.######..###########.##


You could see a gnoll.

Vanquished Creatures
  An iguana (D:4)
  5 adders
  6 gnolls (D:4)
  A shadow imp (D:4)
  An adder skeleton (D:4)
  2 worms
  3 dart slugs
  3 orcs (D:3)
  5 endoplasms
  A giant cockroach (D:1)
  10 goblins
  6 hobgoblins
  3 jackals (D:1)
  2 quokkas
  6 ball pythons
  6 bats
  5 frilled lizards
  3 kobolds
  9 rats
78 creatures vanquished.

Notes
Turn   | Place    | Note
-------+----------+-------------------------------------------
     0 | D:1      | Zeld the Minotaur Berserker began the quest for the Orb.
     0 | D:1      | Reached XP level 1. HP: 19/19 MP: 0/0
   262 | D:1      | Reached XP level 2. HP: 26/27 MP: 1/1
   555 | D:1      | Reached ** piety under Trog
   625 | D:1      | Reached XP level 3. HP: 28/33 MP: 2/2
   743 | D:1      | Found a faded altar of an unknown god.
  1355 | D:2      | Identified the +3 ring mail of Fagub {rPois}
  2145 | D:3      | Reached XP level 4. HP: 41/41 MP: 3/3
  2249 | D:3      | Found Giq Jidgh's Antique Weapon Emporium.
  2252 | D:3      | Found Nierug's Jewellery Boutique.
  2496 | D:3      | Found Gaqeliamm's Magic Scroll Emporium.
  2499 | D:3      | Bought a scroll of holy word for 75 gold pieces
  2499 | D:3      | Bought a scroll of identify for 20 gold pieces
  2499 | D:3      | Bought a scroll of identify for 20 gold pieces
  2902 | D:4      | Reached skill level 5 in Fighting
  2917 | D:4      | Reached *** piety under Trog
  3127 | D:4      | Reached XP level 5. HP: 48/48 MP: 4/4
  3279 | D:4      | Reached skill level 5 in Axes
  3291 | D:4      | Slain by a gnoll

Illustrated notes

Levels and vault maps discovered:
D:1:      lemuel_arrival_room, layout_loops_ring,
          shapermc_ecumenical_altar_ellora
D:2:      minmay_inner_zag, layout_basic
D:3:      layout_rooms, serial_shops, shop, shop, nicolae_shop_statue_plus
D:4:      layout_layer_cave

Skill      XL: |  1  2  3  4  5 |
---------------+----------------+-----
Fighting       | 4 5 |  5.3
Axes           | 4 5 |  5.2
Armour         | 3 |  3.5
Dodging        | 3 |  3.2

Action                   |  1- 3 |  4- 6 || total
-------------------------+-------+-------++-------
Melee: Hand axe          |   101 |    70 ||   171
       Headbutt          |    10 |     9 ||    19
       Punch             |     2 |       ||     2
Invok: Berserk           |       |     1 ||     1
  Use: Scroll            |       |     3 ||     3
 Stab: Sleeping          |     2 |       ||     2
Armor: Animal skin       |    14 |       ||    14
       Ring mail         |     7 |    36 ||    43
Dodge: Dodged            |    62 |    45 ||   107
